 Dungeon Crawl Stone Soup version 0.19.1 (webtiles) character file.

322 CanadianGator the Cutter (level 6, 0/37 HPs)
             Began as a Kobold Fighter on Jan 10, 2017.
             Killed by divine providence
             ... invoked by an orc priest
              (12 damage)
             ... on level 4 of the Dungeon.
             The game lasted 00:09:51 (2957 turns).

CanadianGator the Cutter (Kobold Fighter)           Turns: 2957, Time: 00:09:51

Health: 0/37       AC: 12    Str: 13    XL:     6   Next: 76%
Magic:  6/6        EV:  7    Int:  9    God:
Gold:   142        SH: 10    Dex: 17    Spells: 0 memorised, 5 levels left

rFire  . . .     SeeInvis .     a - +1 rapier
rCold  . . .     Gourm    .     h - +0 chain mail (curse)
rNeg   . . .     Faith    .     c - +1 shield
rPois  .         Spirit   .     (no helmet)
rElec  .         Reflect  .     i - +0 cloak
rCorr  .         Harm     +     j - +0 pair of gloves
MR     .....                    n - +0 pair of boots
Stlth  ..........               w - amulet of harm
                                (no ring)
                                (no ring)

@: no status effects
A: carnivore 3
a: no special abilities


You were on level 4 of the Dungeon.
You were completely stuffed.

You visited 1 branch of the dungeon, and saw 4 of its levels.
You also visited: Sewer.

You collected 142 gold pieces.

Inventory:

Hand Weapons
 a - a +1 rapier (weapon)
 g - a +0 dagger
Armour
 b - a +0 scale mail
 c - a +1 shield (worn)
 h - a cursed +0 chain mail (worn)
 i - a +0 cloak (worn)
 j - a +0 pair of gloves (worn)
 n - a +0 pair of boots (worn)
 v - a +0 ring mail of poison resistance
Jewellery
 r - an uncursed amulet of the gourmand {unknown}
 s - an uncursed ring of wizardry
 w - an amulet of harm (around neck)
Scrolls
 k - 3 scrolls of teleportation
 l - a scroll of enchant armour
Potions
 d - a potion of resistance {unknown}
 e - 2 potions of heal wounds
 m - 3 potions of flight
 p - a potion of invisibility
 q - 6 potions of curing
 t - a potion of haste {unknown}
 u - a potion of berserk rage {unknown}
Comestibles
 f - 3 meat rations
 o - a chunk of flesh


   Skills:
 - Level 3.2 Fighting
 * Level 4.8 Short Blades
 + Level 3.0 Armour
 * Level 3.5 Dodging
 * Level 4.4 Stealth
 + Level 3.0 Shields


You had 5 spell levels left.
You didn't know any spells.

Dungeon Overview and Level Annotations

Branches:
Dungeon (4/15)
 Temple: D:4-7

Altars:

Annotations:
D:4 Robin


Innate Abilities, Weirdness & Mutations

You are small and have problems with some larger weapons.
You are carnivorous and can eat meat at any time.


Message History

3 goblins and an orc priest come into view.
The goblin shouts! x3; The orc priest shouts!
Robin of the Strong Arm comes into view.
She is wielding a club.
Robin shouts!
A goblin and an orc wizard come into view.
The goblin shouts!
The orc wizard shouts! 2 goblins come into view.
A goblin and 2 hobgoblins come into view.
The hobgoblin shouts!
The goblin shouts!
The hobgoblin shouts!
The goblin shouts!
The orc priest calls down the wrath of Beogh upon you.
Beogh smites you!
The orc wizard casts a spell.
The orc wizard seems to speed up.
The orc priest invokes the aid of Beogh against you.
Beogh smites you!
There is an escape hatch in the ceiling here.
The orc priest mumbles some strange prayers to Beogh against you.
Beogh smites you!
You die...

.####.###*,* #.# #.#
##.###.... .# *,# *,* #.#
#.# #.# #.... .# *,* *,*
#.# #.# #.# #.... .#***,*
*,* #.# #.#####.# #####
.#,**,**
#.###.####.......######
>.,,,,,*
#....†.....####......(##
,,,**,.###.###.######
#.#####...
,,***,..gggo.g.#########.#
####
,****,...ggggog<@........#
,,,,,,....g###############
******####**


You could see Robin, an orc priest, an orc wizard, 2 hobgoblins and 6 goblins.

Vanquished Creatures
  A big kobold (Sewer)
  An orc priest (D:3)
  2 orc wizards
  An iguana (D:4)
  A gnoll (D:1)
  2 adders
  3 river rats (Sewer)
  5 leopard geckos
  14 orcs
  7 giant cockroaches
  5 goblins
  4 hobgoblins
  4 jackals
  6 bats
  5 frilled lizards
  7 kobolds
  10 rats
78 creatures vanquished.

Vanquished Creatures (others)
  A jackal (Sewer)
  2 kobolds (Sewer)
3 creatures vanquished.

Grand Total: 81 creatures vanquished

Notes
Turn   | Place    | Note
-------+----------+-------------------------------------------
     0 | D:1      | CanadianGator the Kobold Fighter began the quest for the Orb.
     0 | D:1      | Reached XP level 1. HP: 14/14 MP: 1/1
   181 | D:1      | Reached XP level 2. HP: 15/19 MP: 2/2
   371 | D:1      | Reached skill level 1 in Dodging
   371 | D:1      | Reached skill level 1 in Stealth
   548 | D:1      | Reached XP level 3. HP: 23/23 MP: 3/3
  1250 | D:3      | Reached XP level 4. HP: 28/28 MP: 4/4
  1270 | D:3      | Reached XP level 5. HP: 22/32 MP: 5/5
  1499 | D:3      | Found a glowing drain.
  1532 | Sewer    | Entered a sewer
  1754 | Sewer    | Noticed a big kobold
  1779 | Sewer    | Killed a big kobold
  1779 | Sewer    | Reached XP level 6. HP: 13/37 MP: 6/6
  2149 | Sewer    | Found a white marble altar of Elyvilon.
  2952 | D:4      | Noticed Robin
  2957 | D:4      | Killed from afar by an orc priest

Skill      XL: |  1  2  3  4  5  6 |
---------------+-------------------+-----
Short Blades   | 3 4 |  4.8
Dodging        | 1 2 3 |  3.5
Stealth        | 1 2 3 4 |  4.4
Shields        | 3 |  3.0
Armour         | 3 |  3.0
Fighting       | |  3.2

Action                   |  1- 3 |  4- 6 || total
-------------------------+-------+-------++-------
Melee: Rapier            |   105 |   190 ||   295
  Use: Scroll            |     8 |     4 ||    12
       Potion            |       |     3 ||     3
 Stab: Invisible         |       |     2 ||     2
  Eat: Chunk             |     6 |    10 ||    16
Armor: Scale mail        |    11 |       ||    11
       Chain mail        |    47 |   153 ||   200
Dodge: Dodged            |    20 |   112 ||   132
Block: Shield            |    49 |   138 ||   187
